 Dungeon Crawl Stone Soup version 0.13-a0-2537-g1f6edf4 (webtiles) character file.

167 Kae the Chopper (level 3, 24/24 HPs)
             Began as a Hill Orc Abyssal Knight on July 27, 2013.
             Was a Follower of Lugonu.
             Quit the game on Level 2 of the Dungeon.
             The game lasted 00:01:50 (1066 turns).

Kae the Chopper (Hill Orc Abyssal Knight)           Turns: 1066, Time: 00:01:50

HP  24/24        AC  3     Str 15      XL: 3   Next: 52%
MP   4/4         EV 10     Int  9 (12) God: Lugonu [*.....]
Gold 126         SH  0     Dex 10      Spells:  0 memorised,  2 levels left

Res.Fire  : . . .   See Invis. : .   a - +2 orc hand axe {=f}
Res.Cold  : . . .   Warding    : .   b - +0 orc leather armour
Life Prot.: . . .   Conserve   : .   (no shield)
Res.Poison: .       Res.Corr.  : .   (helmet restricted)
Res.Elec. : .       Clarity    : .   (no cloak)
Sust.Abil.: . .     Spirit.Shd : .   (no gloves)
Res.Mut.  : .       Stasis     : .   (no boots)
Res.Rott. : .       Flight     : .   (no amulet)
Saprovore : + . .                    (no ring)
                                     (no ring)

@: drained, not resistant to hostile enchantments, very unstealthy
A: antennae 1, blink 1, -20% hp, saprovore 1
a: Blink, Depart the Abyss, Renounce Religion


You were on level 2 of the Dungeon.
You worshipped Lugonu.
Lugonu was pleased with you.
You were not hungry.

You visited 1 branch of the dungeon, and saw 2 of its levels.
You visited the Abyss 1 time.

You collected 106 gold pieces.

Inventory:

Hand weapons
 a - a +2,+2 orcish hand axe (weapon) {=f}
Armour
 b - a +0 orcish leather armour (worn)
 m - a +0 cloak
Comestibles
 c - a meat ration
 d - a lemon
 f - 2 pears
 n - a chunk of worm flesh
 o - a chunk of adder flesh
Scrolls
 e - a scroll of identify {unknown}
 j - a scroll of blinking {unknown}
 l - a scroll of enchant weapon II {unknown}
 q - a scroll of teleportation {unknown}
Jewellery
 g - a +1 ring of intelligence {unknown}
Books
 p - a book of the Sky

   Spells                             Type                      Level
   Flight                             Charms/Air                   3
   Airstrike                          Air                          4
   Silence                            Hexes/Air                    5
   Deflect Missiles                   Charms/Air                   6
   Conjure Ball Lightning             Conjuration/Air              7
   Tornado                            Air                          9


   Skills:
 - Level 3.7(3.5) Fighting
 + Level 3.9(3.7) Axes
 - Level 2.2(2.1) Armour
 - Level 0.7(0.6) Dodging
 + Level 3.8(3.6) Invocations


You had 2 spell levels left.
You didn't know any spells.

Dungeon Overview and Level Annotations

Branches:
Dungeon (2/27)

Altars:


Innate Abilities, Weirdness & Mutations

You can tolerate rotten meat.
You have a pair of small antennae on your head.
You can translocate small distances at will.
You are very frail (-20% HP).


Message History

There are no items here.
Okay, then.
Drink which item? (? for menu, Esc to quit)
You feel better.
It was a potion of curing.
Drink which item? (? for menu, Esc to quit)
You feel extremely strange.
You feel jittery. A pair of antennae grows on your head!
You feel frail.
It was a potion of mutation.
Use which ability? (? or * to list)
You can't do that.
Unknown command.
Unknown command.
Unknown command.
Unknown command.
Unknown command.
Unknown command.
Unknown command.
Drink which item? (? for menu, Esc to quit)
You feel much better.
It was a potion of heal wounds.
Are you sure you want to abandon this character and quit the game? (Confirm with "yes".)

♣≈.♣♣...#
♣.≈P♣...#
♣..♣♣...#
##......#
#......#
#......#
#..(...#
###...)##
#####.@##
#.......#
#.......#
#.......#
#.......#
#.......#
..........#
...........#
.PP.....≈≈.#


There were no monsters in sight!

Vanquished Creatures
  2 adders (D:2)
  A worm (D:2)
  An ooze (D:1)
  4 bats (D:1)
  2 giant cockroaches (D:1)
  2 hobgoblins
  4 kobolds
  2 rats (D:1)
18 creatures vanquished.

Notes
Turn   | Place    | Note
--------------------------------------------------------------
     0 | Abyss:1  | Kae, the Hill Orc Abyssal Knight, began the quest for the Orb.
     0 | Abyss:1  | Reached XP level 1. HP: 17/17 MP: 1/1
     0 | Abyss:1  | Found a corrupted altar of Lugonu.
    32 | Abyss:1  | Noticed a hellwing
    57 | Abyss:1  | Noticed a hellwing
    57 | Abyss:1  | Noticed a neqoxec
    58 | Abyss:1  | Noticed an ancient zyme
    59 | Abyss:1  | Gained mutation: You are frail (-10% HP). [a neqoxec]
    82 | D:1      | Escaped the Abyss
   167 | D:1      | Acquired Lugonu's first power
   367 | D:1      | Reached XP level 2. HP: 21/21 MP: 2/2
   832 | D:2      | Reached XP level 3. HP: 11/27 MP: 4/4
  1064 | D:2      | Gained mutation: You can translocate small distances at will. [potion of mutation]
  1064 | D:2      | Gained mutation: You have a pair of small antennae on your head. [potion of mutation]
  1064 | D:2      | Gained mutation: You are very frail (-20% HP). [potion of mutation]
  1066 | D:2      | Quit the game

Action                   || total
-------------------------++-------
Melee: Hand axe          ||    59
Invok: Depart the Abyss  ||     1
  Use: Potion            ||     3
